 Dungeon Crawl Stone Soup version 0.31-a0-187-gba352fbbf7 (webtiles) character file.

Game seed: 3082003818365685174

142 qw the Skirmisher (level 5, -3/29 HPs)
             Began as a Deep Elf Hunter on June 22, 2023.
             Slain by a gnoll
             ... wielding a +0 whip
              (7 damage)
             ... on level 3 of the Dungeon.
             The game lasted 00:00:48 (1756 turns).

qw the Skirmisher (Deep Elf Hunter)                 Turns: 1756, Time: 00:00:49

Health: -3/29      AC:  3    Str: 10    XL:     5   Next: 3%
Magic:  7/7        EV: 12    Int: 14    God:
Gold:   87         SH:  0    Dex: 18    Spells: 4/4 levels left

rFire   . . .        Y - +0 shortbow
rCold   . . .        (shield currently unavailable)
rNeg    + . .        c - +0 leather armour
rPois   .            (no helmet)
rElec   .            (no cloak)
rCorr   .            (no gloves)
SInv    .            (no boots)
Will    .....        (no amulet)
Stlth   ++           f - ring of positive energy
HPRegen 0.24/turn    (no ring)
MPRegen 0.10/turn

%: no passive effects
@: lethally poisoned (-3 -> -11)
A: no striking features
a: no special abilities


You were on level 3 of the Dungeon.
You visited 1 branch of the dungeon, and saw 3 of its levels.

You collected 87 gold pieces.


   Skills:
 - Level 1.5 Fighting
 + Level 8.4 Ranged Weapons
 - Level 2.4 Dodging
 - Level 1.2 Stealth


You had 4 spell levels left.
You didn't know any spells.
Your spell library was empty.

Inventory:

Hand Weapons
 Y - a +0 shortbow (weapon)
Armour
 c - a +0 leather armour (worn)
Jewellery
 f - a ring of positive energy (left hand)
Scrolls
 a - a scroll of enchant armour
Potions
 d - a potion of curing
 g - a potion of might {unknown}
 h - a potion of haste {unknown}

Dungeon Overview and Level Annotations

Branches:
Dungeon (3/15)

Altars:


Message History

You now have 79 gold pieces (gained 4).
You now have 87 gold pieces (gained 8).
Found 2 atropa-tipped darts.
A gnoll comes into view. It is wielding a +0 spear.
The gnoll shouts!
A bat comes into view.
A gnoll comes into view. It is wielding a +0 whip.
You shoot an arrow. The arrow hits the bat!
You kill the bat!
A gnoll comes into view. It is wielding a +2 halberd of venom.
1745 ||| Stepping ~*~*~tactically~*~*~ (outnumbered).
The gnoll moves out of view.
1747 ||| Stepping ~*~*~tactically~*~*~ (outnumbered).
A gnoll is nearby!
You shoot an arrow. The gnoll shouts!
The arrow hits the gnoll!
The gnoll is heavily wounded.
You hear a shout!
You shoot an arrow. The arrow barely misses the gnoll.
The gnoll hits you from afar with a +2 halberd of venom.
You are poisoned.
You shoot an arrow. The arrow hits the gnoll.
The gnoll is severely wounded.
You feel very sick.
The gnoll hits you from afar with a +2 halberd of venom!
You are lethally poisoned!
You shoot an arrow. The arrow hits the gnoll.
You kill the gnoll!
You feel very sick.
You have reached level 5!
You shoot an arrow. The arrow hits the gnoll.
The gnoll is moderately wounded.
You feel very sick.
A gnoll comes into view. It is wielding a +0 spear.
You shoot an arrow. The arrow hits the gnoll.
The gnoll is almost dead.
You feel very sick. The gnoll hits you with a +0 whip!
You die...

######### #.......#
#@#####+##### #g#
#......# ###g#
#.(....#
#####.g.####......#
...(.......+....>.#
##g#######.#......#
.g #..........###
#.####.......#
#....<...#


You could see 3 gnolls.

Vanquished Creatures
  An orc priest (D:3)
  An orc wizard (D:3)
  A gnoll (D:3)
  2 adders (D:2)
  A worm (D:2)
  2 dart slugs (D:1)
  2 orcs (D:3)
  8 endoplasms (D:1)
  2 giant cockroaches (D:1)
  4 goblins
  4 hobgoblins
  2 jackals (D:1)
  A quokka (D:2)
  5 ball pythons
  4 bats
  3 frilled lizards
  3 kobolds
  5 rats
51 creatures vanquished.

Notes
Turn   | Place    | Note
-------+----------+-------------------------------------------
     0 | D:1      | qw the Deep Elf Hunter began the quest for the Orb.
     0 | D:1      | Reached XP level 1. HP: 12/12 MP: 3/3
     0 | D:1      | 0 ||| qw: Version: 0.3-a-9-g12657ce
     0 | D:1      | 0 ||| qw: Game counter: 1977
     0 | D:1      | 0 ||| qw: Always use a shield: true
     0 | D:1      | 0 ||| qw: God list: Okawaru
     0 | D:1      | 0 ||| qw: Allow faded altars: false
     0 | D:1      | 0 ||| qw: Do Orc after D:15 true
     0 | D:1      | 0 ||| qw: Do second Lair branch before Depths: true
     0 | D:1      | 0 ||| qw: Lair rune preference: random
     0 | D:1      | 0 ||| qw: Plans: Normal
     0 | D:1      | 0 ||| PLANNING D:1-11
   154 | D:1      | 154 ||| DROPPING scroll of butterflies.
   201 | D:1      | 201 ||| Stepping ~*~*~tactically~*~*~ (water).
   203 | D:1      | Reached XP level 2. HP: 16/16 MP: 4/4
   219 | D:1      | Reached skill level 6 in Ranged Weapons
   260 | D:1      | 260 ||| Stepping ~*~*~tactically~*~*~ (water).
   262 | D:1      | 262 ||| Stepping ~*~*~tactically~*~*~ (water).
   430 | D:1      | Reached XP level 3. HP: 20/20 MP: 5/5
   540 | D:1      | Noticed a shining eye
   542 | D:1      | Noticed a floating eye
   544 | D:1      | Found a faded altar of an unknown god.
   546 | D:1      | 546 ||| READING scroll labelled WUDDUA KUKU.
   547 | D:1      | Noticed a floating eye
   547 | D:1      | Noticed a floating eye
   921 | D:2      | Reached skill level 7 in Ranged Weapons
  1348 | D:2      | Reached XP level 4. HP: 25/25 MP: 6/6
  1515 | D:2      | 1515 ||| UPGRADING to ring of positive energy.
  1516 | D:2      | 1516 ||| READING 2 scrolls labelled ZIQ PILUKA.
  1517 | D:2      | 1517 ||| READING scroll labelled BOGIOREITU.
  1518 | D:2      | 1518 ||| READING scroll labelled DUAXZEIMOL.
  1519 | D:2      | 1519 ||| DRINKING 2 clear potions.
  1585 | D:3      | 1585 ||| FLEEEEING.
  1586 | D:3      | 1586 ||| FLEEEEING.
  1587 | D:3      | 1587 ||| FLEEEEING.
  1588 | D:3      | 1588 ||| FLEEEEING.
  1589 | D:3      | 1589 ||| FLEEEEING.
  1590 | D:3      | 1590 ||| FLEEEEING.
  1592 | D:3      | 1592 ||| FLEEEEING.
  1593 | D:3      | 1593 ||| FLEEEEING.
  1594 | D:3      | 1594 ||| FLEEEEING.
  1595 | D:3      | 1595 ||| FLEEEEING.
  1596 | D:3      | 1596 ||| FLEEEEING.
  1597 | D:3      | 1597 ||| FLEEEEING.
  1648 | D:3      | Reached skill level 8 in Ranged Weapons
  1745 | D:3      | 1745 ||| Stepping ~*~*~tactically~*~*~ (outnumbered).
  1747 | D:3      | 1747 ||| Stepping ~*~*~tactically~*~*~ (outnumbered).
  1755 | D:3      | Reached XP level 5. HP: 10/29 MP: 7/7
  1755 | D:3      | HP: 7/29 [poisoned by a gnoll]
  1756 | D:3      | Slain by a gnoll

Levels and vault maps discovered:
D:1:      wander_arrival_chamber, layout_basic,
          hellmonk_ecumenical_altar_watching_god, minmay_hedge_maze,
          minivault_4, chequers_big_river, hangedman_abyss_or_decor_lesser_grid,
          minmay_indecisive_spiral
D:2:      layout_loops_ring
D:3:      minmay_evil_eye, layout_basic, minmay_misc_feat_cross

Skill      XL: |  1  2  3  4 |
---------------+-------------+-----
Ranged Weapons | 6 7 8 |  8.4
Fighting       | |  1.5
Dodging        | |  2.4
Stealth        | |  1.2

Action                     |  1- 3 |  4- 6 || total
---------------------------+-------+-------++-------
   Fire: Shortbow          |   126 |    56 ||   182
    Use: Scroll            |     1 |     3 ||     4
         Potion            |       |     1 ||     1
 Armour: Leather armour    |    11 |     6 ||    17
  Dodge: Dodged            |    30 |     9 ||    39

Table legend:
 A = Non-vault XP
 B = Vault XP
 C = Vault XP percentage of total XP
 D = Non-vault monster count
 E = Vault monster count
 F = Vault count percentage of total count
                 A         B        C        D         E       F
            +---------+---------+-------+---------+---------+-------
      Total |     196 |       7 |   3.4 |      47 |       4 |   7.8
            +---------+---------+-------+---------+---------+-------
        D:1 |      45 |       7 |  13.5 |      25 |       4 |  13.8
        D:2 |      46 |       0 |   0.0 |      12 |       0 |   0.0
        D:3 |     105 |       0 |   0.0 |      10 |       0 |   0.0
            +---------+---------+-------+---------+---------+-------
